 Dungeon Sprint DCSS version 0.18.1-48-g4cf74bf (webtiles) character file.

6300000 Joat the Axe Maniac (level 27, -26/249 HPs)
             Began as a Formicid Fighter on Sept 7, 2016.
             Was the Champion of Makhleb.
             Annihilated by The Servant
             ... wielding a +9 glaive of flaming
              (110 damage)
             ... in the Dungeon (Sprint VIII: "Arena of Blood").
             The game lasted 00:04:27 (63 turns).

Joat the Axe Maniac (Formicid Fighter)                Turns: 63, Time: 00:04:28

Health: -26/249    AC: 13    Str: 26    XL:     27
Magic:  30/54      EV: 29    Int: 10    God:    Makhleb [******]
Gold:   0          SH: 19    Dex: 16    Spells: 0 memorised, 80 levels left

rFire  . . .     SeeInvis +     l - +∞ Axe of Woe
rCold  . . .     Gourm    .     b - +0 scale mail
rNeg   . . .     Faith    .     c - +0 shield
rPois  .         Spirit   .     (helmet unavailable)
rElec  .         Dismiss  .     (no cloak)
rCorr  .         Reflect  .     (no gloves)
SustAt .         Harm     .     (no boots)
MR     ++...                    (no amulet)
Stlth  ++++++++..               (no ring)
                                (no ring)

@: very resistant to hostile enchantments, extraordinarily stealthy
A: permanent stasis, dig shafts and tunnels, four strong arms, antennae 3
a: Dig, Minor Destruction, Lesser Servant of Makhleb, Major Destruction, Greater
Servant of Makhleb, Renounce Religion


You were in the Dungeon.
You worshipped Makhleb.
Makhleb was exalted by your worship.
You were not hungry.

You visited 1 branch

Inventory:

Hand Weapons
 a - a +0 war axe
 l - the +∞ Axe of Woe (weapon)
   (You found it in the Dungeon)
Armour
 b - a +0 scale mail (worn)
 c - a +0 shield (worn)
Scrolls
 k - a scroll of blinking
Potions
 d - a potion of might
 e - a potion of curing
 g - a potion of heal wounds
 h - a potion of haste
 i - 2 potions of magic
 j - a potion of berserk rage
Comestibles
 f - a bread ration


   Skills:
 O Level 27 Fighting
 O Level 27 Axes
 O Level 27 Throwing
 O Level 27 Armour
 O Level 27 Dodging
 O Level 27 Stealth
 O Level 27 Shields
 O Level 27 Unarmed Combat
 O Level 27 Spellcasting
 O Level 27 Invocations


You had 80 spell levels left.
You didn't know any spells.

Dungeon Overview and Level Annotations

Branches:
Dungeon (1/1)

Altars:
Makhleb

Annotations:
D The Servant


Innate Abilities, Weirdness & Mutations

You are under a permanent stasis effect.
You can dig through walls and to a lower floor.
Your four strong arms can wield two-handed weapons with a shield.
You have a pair of large antennae on your head (SInv).


Message History

You destroy the small abomination!
Makhleb accepts your kill.
You hear a shout! x4
The Servant is engulfed in roaring flames.
The Servant hits you from afar with a +9 glaive of flaming!!!!
Ouch! That really hurt!
The Servant burns you!!!
The dread appears out of thin air!
A dread comes into view.
You hear a shout! x4
Unknown command.
An ogre and a wraith come into view.
You hear a shout! x5
The bag of meat is engulfed in roaring flames. x2
You hear a shout! x2
The tyrant is engulfed in roaring flames.
A corpse begins to drag itself along the ground!
Some corpses meld into an agglomeration of writhing flesh!
The Servant is engulfed in roaring flames.
The Servant hits you with a +9 glaive of flaming!!!!
You die...

############
####.......=...
####....).........
#....o..@)x##.##.##
.....%.o@ox§...%....
.W..####oL)).##.##...
...#{.{z.§§.).O%......
o.
{#.oXoo))...#.#..... .
#....))))..........
.{#....))).%........
.O..#W..))).%........
..........)).........


You could see a tyrant, The Servant, a sculptor of flesh, a large abomination, 2
dreads, a meat berserker (berserk), a small abomination, 6 bags of meat and a
crawling corpse.

Vanquished Creatures
  A greater mummy (D)
  7 vampire knights (D)
  14 ogres (D)
  A lich (D)
  45 orcs (D)
  4 hill giants (D)
  5 skeletal warriors (D)
  4 large abominations (D)
  6 small abominations (D)
  3 crawling corpses (D)
90 creatures vanquished.

Vanquished Creatures (others)
  A crawling corpse (D)
1 creature vanquished.

Grand Total: 91 creatures vanquished

Notes
Turn   | Place    | Note
--------------------------------------------------------------
     0 | D        | Joat the Formicid Fighter began the quest for the Orb.
     0 | D        | Reached XP level 1. HP: 18/18 MP: 1/1
     3 | D        | Noticed a bag of meat
     4 | D        | Became a worshipper of Makhleb the Destroyer
     5 | D        | Noticed a bag of meat
     7 | D        | Noticed a bag of meat
     7 | D        | Noticed a bag of meat
     8 | D        | Killed a bag of meat
     8 | D        | Reached XP level 2. HP: 47/47 MP: 2/2
     8 | D        | Reached XP level 3. HP: 53/53 MP: 3/3
     8 | D        | Reached XP level 4. HP: 60/60 MP: 4/4
     8 | D        | Reached XP level 5. HP: 67/67 MP: 5/5
     8 | D        | Reached XP level 6. HP: 74/74 MP: 6/6
     8 | D        | Reached XP level 7. HP: 80/80 MP: 7/7
     8 | D        | Reached XP level 8. HP: 87/87 MP: 8/8
     8 | D        | Reached XP level 9. HP: 94/94 MP: 9/9
     8 | D        | Reached XP level 10. HP: 101/101 MP: 10/10
     8 | D        | Reached XP level 11. HP: 107/107 MP: 11/11
     8 | D        | Reached XP level 12. HP: 114/114 MP: 12/12
     9 | D        | Noticed a bag of meat
     9 | D        | Noticed a bag of meat
     9 | D        | Killed a bag of meat
     9 | D        | Reached * piety under Makhleb
     9 | D        | Reached skill level 10 in Axes
     9 | D        | Reached XP level 13. HP: 127/127 MP: 13/13
     9 | D        | Killed a bag of meat
     9 | D        | Reached XP level 14. HP: 138/138 MP: 14/14
    10 | D        | Noticed a bag of meat
    11 | D        | Killed a bag of meat
    11 | D        | Reached ** piety under Makhleb
    11 | D        | Reached XP level 15. HP: 144/144 MP: 15/15
    12 | D        | Noticed a meat berserker
    14 | D        | Noticed a meat berserker
    15 | D        | Reached *** piety under Makhleb
    15 | D        | Reached XP level 16. HP: 152/152 MP: 16/16
    16 | D        | Noticed a meat berserker
    16 | D        | Reached skill level 27 in Axes
    17 | D        | Killed a meat berserker
    17 | D        | Reached XP level 17. HP: 166/166 MP: 17/17
    18 | D        | Noticed a large bag of meat
    19 | D        | Noticed a meat berserker
    19 | D        | Noticed a large bag of meat
    20 | D        | Noticed a meat berserker
    20 | D        | Killed a meat berserker
    20 | D        | Reached **** piety under Makhleb
    20 | D        | Reached skill level 27 in Shields
    20 | D        | Reached XP level 18. HP: 179/179 MP: 18/18
    20 | D        | Reached skill level 27 in Fighting
    20 | D        | Reached skill level 27 in Armour
    20 | D        | Reached skill level 15 in Dodging
    20 | D        | Killed a meat berserker
    20 | D        | Reached ***** piety under Makhleb
    20 | D        | Reached XP level 19. HP: 189/189 MP: 19/19
    21 | D        | Noticed a meat berserker
    21 | D        | Noticed a meat berserker
    21 | D        | Reached skill level 27 in Dodging
    21 | D        | Reached XP level 20. HP: 197/197 MP: 19/32
    23 | D        | Noticed a meat berserker
    24 | D        | Reached skill level 27 in Invocations
    24 | D        | Reached skill level 10 in Stealth
    24 | D        | Reached ****** piety under Makhleb
    24 | D        | Reached XP level 21. HP: 204/204 MP: 19/38
    24 | D        | Killed a meat berserker
    25 | D        | Noticed a destroyer
    25 | D        | Noticed a meat berserker
    25 | D        | Reached skill level 27 in Stealth
    26 | D        | Noticed a destroyer
    26 | D        | Noticed a destroyer
    26 | D        | Killed a large bag of meat
    26 | D        | Reached XP level 22. HP: 160/212 MP: 20/50
    27 | D        | Noticed a meat berserker
    27 | D        | Killed a meat berserker
    27 | D        | Reached skill level 27 in Spellcasting
    27 | D        | Killed a destroyer
    27 | D        | Reached XP level 23. HP: 219/219 MP: 20/54
    28 | D        | Reached skill level 27 in Throwing
    28 | D        | Reached skill level 27 in Unarmed Combat
    28 | D        | Reached XP level 24. HP: 227/227 MP: 20/54
    31 | D        | Noticed a destroyer
    31 | D        | Reached XP level 25. HP: 234/234 MP: 21/54
    33 | D        | Killed a destroyer
    33 | D        | Reached XP level 26. HP: 242/242 MP: 21/54
    34 | D        | Noticed a destroyer
    36 | D        | Killed a destroyer
    36 | D        | Reached XP level 27. HP: 220/249 MP: 22/54
    36 | D        | Killed a destroyer
    39 | D        | Noticed The Servant
    40 | D        | Noticed a destroyer
    41 | D        | Killed a destroyer
    42 | D        | Killed a destroyer
    44 | D        | Noticed a destroyer
    45 | D        | Noticed a tyrant
    46 | D        | Killed a destroyer
    48 | D        | Noticed an accursed
    54 | D        | Killed an accursed
    59 | D        | Noticed a tyrant
    61 | D        | Killed a tyrant
    63 | D        | Noticed a dread
    63 | D        | Noticed a dread
    63 | D        | Annihilated by The Servant

Skill      XL: |  1  2  3  4  5  6  7  8  9 10 11 12 13 14 15 16 17 18 19 20 21 22 23 |
---------------+----------------------------------------------------------------------+-----
Fighting       | 17 19 21 24 26 27 | 27.0
Axes           | 8 10 11 18 24 27 | 27.0
Armour         | 17 19 21 23 25 27 | 27.0
Shields        | 18 20 22 25 27 | 27.0
Dodging        | 3 4 22 27 | 27.0
Invocations    | 16 27 | 27.0
Stealth        | 16 27 | 27.0
Spellcasting   | 13 24 27 | 27.0
Throwing       | 20 27 | 27.0
Unarmed Combat | 20 27 | 27.0

Action                   |  1- 3 |  4- 6 |  7- 9 | 10-12 | 13-15 | 16-18 | 19-21 | 22-24 | 25-27 || total
-------------------------+-------+-------+-------+-------+-------+-------+-------+-------+-------++-------
Melee: Executioner's axe |     1 |       |       |     1 |     3 |     3 |     5 |     4 |    22 ||    39
Armor: Scale mail        |       |       |       |       |     1 |     1 |       |       |       ||     2
Dodge: Dodged            |       |       |       |     1 |       |       |       |     1 |     2 ||     4
Block: Shield            |       |       |       |       |       |       |       |       |     3 ||     3
